[Event "Titled Tuesday Blitz June 27 Early 2023"]
[White "Itkis, Boris"]
[Black "Ovchinnikov, Vsevolod"]
[WhiteFideId "1209167"]
[BlackFideId "24176842"]
[WhiteElo "2426"]
[BlackElo "2601"]
[Result "1-0"]
[Round "3"]
[TimeControl "180+2"]
[Date "2023.06.27"]
[WhiteClock "0:00:20"]
[BlackClock "0:00:00"]
[Board "141"]

1. c4 Nf6 2. Nf3 g6 3. g3 Bg7 4. Bg2 d5 5. cxd5 Nxd5 6. O-O Nb6 7. d4 Nc6 8. Bf4 Nxd4 9. Nxd4 Qxd4 10. Nc3 Qxd1 11. Raxd1 c6 12. a4 Nc4 13. b3 Bxc3 14. bxc4 Be6 15. Rb1 O-O-O 16. Rxb7 Kxb7 17. Rb1+ Ka6 18. Bxc6 Rd6 19. Bb7+ Ka5 20. c5 Rd5 21. Bc6 Rxc5 22. Bc7+ 1-0


[Site "https://www.chess.com"]

[Event "Titled Tuesday Blitz June 27 Early 2023"]
[White "HamedWafa4"]
[Black "JERO-8914"]
[WhiteElo "2600"]
[BlackElo "2421"]
[Result "0-1"]
[Round "3"]
[TimeControl "180+2"]
[Date "2023.06.27"]
[WhiteClock "0:00:00"]
[BlackClock "0:00:14"]
[Board "142"]

1. e4 c6 2. d4 d5 3. Nc3 dxe4 4. Nxe4 Nd7 5. Qe2 Ndf6 6. Nf3 Bf5 7. Ng3 Bg6 8. c3 e6 9. Ne5 Ne7 10. Bg5 h6 11. Nxg6 Nxg6 12. Be3 Bd6 13. Qd2 O-O 14. Bd3 Nh4 15. O-O-O Nxg2 16. Rhg1 Nxe3 17. fxe3 c5 18. Rdf1 Kh8 19. Qg2 Ng8 20. Nh5 g6 21. Nf4 Bxf4 22. Rxf4 cxd4 23. exd4 Qe7 24. Rgf1 Rac8 25. Kb1 Rc7 26. Qe4 f5 27. Qg2 g5 28. R4f3 Nf6 29. h4 g4 30. Re3 Nd5 31. Re5 Qd6 32. Qd2 f4 33. c4 Ne3 34. Rxf4 Rxf4 35. Qxe3 Qxd4 36. Qd2 Rd7 37. Re3 Rf1+ 38. Kc2 Rf4 39. Qe2 e5 40. b3 Rdf7 0-1


[Site "https://www.chess.com"]

[Event "Titled Tuesday Blitz June 27 Early 2023"]
[White "Ai, Evan"]
[Black "Ingebretsen, Jens E"]
[WhiteFideId "2094770"]
[BlackFideId "1522965"]
[WhiteElo "2417"]
[BlackElo "2599"]
[Result "0-1"]
[Round "3"]
[TimeControl "180+2"]
[Date "2023.06.27"]
[WhiteClock "0:00:15"]
[BlackClock "0:00:31"]
[Board "143"]

1. d4 Nf6 2. c4 e6 3. Nf3 d5 4. g3 Bb4+ 5. Bd2 Be7 6. Bg2 O-O 7. O-O c6 8. Nc3 b6 9. Qc2 Bb7 10. Rfd1 Nbd7 11. Bf4 Rc8 12. Ne5 Nxe5 13. dxe5 Nd7 14. e4 g5 15. Be3 dxc4 16. Qe2 Qc7 17. f4 gxf4 18. gxf4 Kh8 19. Qxc4 Bc5 20. Bxc5 Nxc5 21. Rd6 Ba6 22. Qd4 Qe7 23. b4 Nb7 24. Rd7 c5 25. Qd2 Qh4 26. b5 c4 27. bxa6 Nc5 28. Rd4 Nd3 29. Rf1 Rg8 30. Ne2 Qg4 31. Ng3 h5 32. Nh1 h4 33. h3 Qxh3 34. Qe2 Rxg2+ 35. Qxg2 Rg8 36. Qxg8+ Kxg8 37. Nf2 Qg3+ 38. Kh1 Nxf2+ 39. Rxf2 Qxf2 40. Rd8+ Kg7 41. Rd7 c3 42. Rxa7 h3 43. Rc7 Qg2# 0-1


[Site "https://www.chess.com"]

[Event "Titled Tuesday Blitz June 27 Early 2023"]
[White "Petrova, Irina"]
[Black "De La Villa Garcia, Jesus Maria"]
[WhiteFideId "14124122"]
[BlackFideId "2200040"]
[WhiteElo "2404"]
[BlackElo "2599"]
[Result "1/2-1/2"]
[Round "3"]
[TimeControl "180+2"]
[Date "2023.06.27"]
[WhiteClock "0:00:11"]
[BlackClock "0:00:22"]
[Board "144"]

1. e4 c6 2. d4 d5 3. Nc3 dxe4 4. Nxe4 Nf6 5. Nxf6+ exf6 6. Be3 Bd6 7. Bd3 O-O 8. Ne2 Re8 9. Qd2 Nd7 10. O-O Nf8 11. Bf4 Ng6 12. Bxd6 Qxd6 13. Rfe1 Be6 14. c3 Rad8 15. Ng3 Bc8 16. Rxe8+ Rxe8 17. Re1 Rd8 18. Ne4 Qc7 19. Qe3 Nf4 20. Bc2 b6 21. Ng3 Be6 22. b3 g6 23. c4 Kg7 24. h4 h5 25. Ne2 Nxe2+ 26. Rxe2 Qd6 27. Rd2 Qa3 28. Be4 Qd6 29. Bf3 Bf5 30. g3 Rd7 31. d5 c5 32. Re2 Kf8 33. Kg2 Rd8 34. Be4 Bg4 35. Bf3 Bd7 36. Qh6+ Kg8 37. Re3 Bf5 38. Be4 Qd7 39. Bxf5 Qxf5 40. Re7 a6 41. Qe3 Kg7 42. Re8 Rd7 43. Re7 Rd8 44. Qe6 Qxe6 45. dxe6 Rf8 46. exf7 Rxf7 47. Re6 Rb7 48. Kf3 Kf7 49. Rd6 Rb8 50. Ke3 Re8+ 51. Kf3 Re6 52. Rd7+ Re7 53. Rd6 Re6 54. Rd7+ Re7 55. Rd6 Re6 1/2-1/2


[Site "https://www.chess.com"]

[Event "Titled Tuesday Blitz June 27 Early 2023"]
[White "Niekras, Dawid"]
[Black "Dixit, Arun"]
[WhiteFideId "1160451"]
[BlackFideId "30937671"]
[WhiteElo "2596"]
[BlackElo "2402"]
[Result "1-0"]
[Round "3"]
[TimeControl "180+2"]
[Date "2023.06.27"]
[WhiteClock "0:00:42"]
[BlackClock "0:00:17"]
[Board "145"]

1. e4 c5 2. Nf3 g6 3. d4 cxd4 4. Nxd4 Nc6 5. Be2 Bg7 6. Nb3 Nf6 7. Nc3 d6 8. O-O O-O 9. Re1 Bd7 10. Bf1 Rc8 11. Nd5 Ne5 12. c3 a5 13. a4 Nxd5 14. exd5 Nc4 15. Nd4 Re8 16. Qb3 Bxd4 17. cxd4 Nb6 18. Bd2 Ra8 19. h4 e6 20. dxe6 Bxe6 21. Qg3 h5 22. Bg5 Qd7 23. Bb5 Qc7 24. Rac1 Qb8 25. Bxe8 Qxe8 26. Qxd6 Nd5 27. Rc5 Ra6 28. Qe5 Rc6 29. Rxd5 Bd7 30. Qxe8+ Bxe8 31. Rxe8+ Kg7 32. Rdd8 f6 33. Re7# 1-0


[Site "https://www.chess.com"]

[Event "Titled Tuesday Blitz June 27 Early 2023"]
[White "TomLiu777"]
[Black "Ibadov, Dashgyn"]
[BlackFideId "24107514"]
[WhiteElo "2397"]
[BlackElo "2592"]
[Result "0-1"]
[Round "3"]
[TimeControl "180+2"]
[Date "2023.06.27"]
[WhiteClock "0:00:00"]
[BlackClock "0:01:26"]
[Board "146"]

1. c4 Nf6 2. Nc3 c5 3. g3 e6 4. Nf3 b6 5. Bg2 Bb7 6. O-O Be7 7. b3 d6 8. Bb2 Nbd7 9. d4 cxd4 10. Nxd4 Bxg2 11. Kxg2 Qc7 12. e4 Qb7 13. f3 a6 14. Qd2 O-O 15. Rad1 Rac8 16. h4 Rfe8 17. Rh1 Bf8 18. h5 h6 19. Nc2 b5 20. Ne3 Ne5 21. cxb5 axb5 22. Ne2 Nxf3 23. Qd3 Ne5 24. Bxe5 dxe5 25. Rh4 Qa7 26. Nc3 b4 27. Na4 Red8 28. Qe2 Rd4 29. Nc4 Rcd8 30. Rf1 Qb7 31. Rxf6 gxf6 32. Rg4+ Kh7 33. Qf3 f5 34. Nxe5 Rxe4 35. Nc5 Re2+ 36. Kh3 Qxf3 0-1


[Site "https://www.chess.com"]

[Event "Titled Tuesday Blitz June 27 Early 2023"]
[White "Garrido Outon, Alex"]
[Black "Pinheiro, Iung Alicio de O."]
[WhiteFideId "24516279"]
[BlackFideId "2104350"]
[WhiteElo "2396"]
[BlackElo "2592"]
[Result "1-0"]
[Round "3"]
[TimeControl "180+2"]
[Date "2023.06.27"]
[WhiteClock "0:00:04"]
[BlackClock "0:00:00"]
[Board "147"]

1. e4 c5 2. Ne2 g6 3. g3 Bg7 4. Bg2 Nc6 5. O-O d6 6. c3 e5 7. Na3 Nge7 8. h3 O-O 9. Nc2 c4 10. d4 cxd3 11. Qxd3 Qc7 12. Bg5 Be6 13. Rad1 Rad8 14. c4 f6 15. Bc1 f5 16. b3 b6 17. Nc3 f4 18. g4 g5 19. Ba3 Ng6 20. Bxd6 Qf7 21. c5 f3 22. Bh1 h5 23. Qb5 hxg4 24. Bxf8 Rxf8 25. Qxc6 gxh3 26. Rfe1 Nh4 27. Re3 h2+ 28. Kf1 Bh3+ 29. Ke1 Ng2+ 30. Kd2 Nxe3 31. Nxe3 Qf4 32. Nd5 Qh4 33. Ne7+ Kh7 34. Qg6+ Kh8 35. N3f5 Qxf2+ 36. Kc1 Qxc5+ 37. Kb1 Bxf5 38. Nxf5 Qc7 39. Bxf3 Rc8 40. Qxg7+ Qxg7 41. Nxg7 Kxg7 42. Rh1 Rf8 43. Bg4 Rf2 44. Kc1 Rg2 45. Bf3 Rf2 46. Bd1 Rxa2 47. Bc2 Ra1+ 48. Bb1 Ra3 49. Kb2 Ra5 50. Rxh2 Kg6 51. Rf2 g4 52. Rf5 g3 53. Rf3 Kg5 54. Rxg3+ Kf4 55. Rg7 a6 56. Rf7+ Ke3 57. Rd7 Rc5 58. Rd5 Rc6 59. Rxe5 Rh6 60. Rd5 Rh2+ 61. Ka3 Rh1 62. Bc2 Ra1+ 63. Kb2 Rh1 64. e5 Rh5 65. Rd6 Rxe5 66. Rxb6 a5 67. Ka3 Kd2 68. Rc6 1-0


[Site "https://www.chess.com"]

[Event "Titled Tuesday Blitz June 27 Early 2023"]
[White "Topalov, Aleksandar"]
[Black "Ilkhomi, Jaloliddin"]
[WhiteFideId "925659"]
[BlackFideId "14700948"]
[WhiteElo "2393"]
[BlackElo "2589"]
[Result "1-0"]
[Round "3"]
[TimeControl "180+2"]
[Date "2023.06.27"]
[WhiteClock "0:00:58"]
[BlackClock "0:00:11"]
[Board "148"]

1. b3 Nf6 2. Bb2 b6 3. Nf3 Bb7 4. c4 e6 5. e3 d5 6. Be2 Nbd7 7. O-O Bd6 8. d4 O-O 9. Nbd2 Qe7 10. cxd5 exd5 11. Qc2 Ne4 12. Rfe1 f5 13. Nf1 Ng5 14. Rac1 Rae8 15. Ne5 Bxe5 16. dxe5 Ne6 17. f4 c5 18. Bf3 g5 19. Rcd1 gxf4 20. Bxd5 Bxd5 21. Rxd5 fxe3 22. Nxe3 Qf7 23. Red1 f4 24. Rxd7 fxe3 25. Rxf7 Rxf7 26. Qe4 Ref8 27. Qxe3 Rf5 28. h3 R5f7 29. Rd6 Re7 30. Qe4 Rff7 31. Qd5 Nf4 32. Rd8+ Kg7 33. e6+ Rf6 34. Bxf6+ Kxf6 35. Rf8+ 1-0


[Site "https://www.chess.com"]

[Event "Titled Tuesday Blitz June 27 Early 2023"]
[White "Domingo Nunez, Ruben"]
[Black "Buscar, Michael"]
[WhiteFideId "22245570"]
[BlackFideId "2603616"]
[WhiteElo "2586"]
[BlackElo "2393"]
[Result "0-1"]
[Round "3"]
[TimeControl "180+2"]
[Date "2023.06.27"]
[WhiteClock "0:02:16"]
[BlackClock "0:01:51"]
[Board "149"]

1. b3 d5 2. Bb2 c5 3. Nf3 Nc6 4. e3 Nf6 5. Bb5 e6 6. O-O Be7 7. Bxc6+ bxc6 8. d3 O-O 9. Nbd2 Ne8 10. e4 f6 11. Re1 e5 12. Nb1 Bg4 13. h3 Bh5 14. g4 Bf7 15. Qe2 Nc7 16. Nc3 Nb5 17. Na4 Nd4 18. Nxd4 cxd4 19. c3 c5 20. cxd4 cxd4 21. Rac1 Qa5 22. Qf3 Rfc8 23. Qf5 Qa6 24. Qd7 Bb4 25. Red1 Be6 0-1


[Site "https://www.chess.com"]

[Event "Titled Tuesday Blitz June 27 Early 2023"]
[White "Kuznetsov, Mikhail"]
[Black "Skliarov, Viktor"]
[WhiteFideId "4117190"]
[BlackFideId "14106736"]
[WhiteElo "2385"]
[BlackElo "2584"]
[Result "1-0"]
[Round "3"]
[TimeControl "180+2"]
[Date "2023.06.27"]
[WhiteClock "0:00:27"]
[BlackClock "0:00:19"]
[Board "150"]

1. Nf3 g6 2. d4 Bg7 3. g3 Nf6 4. Bg2 O-O 5. b3 c5 6. Bb2 cxd4 7. Nxd4 Nc6 8. O-O d5 9. c4 Nxd4 10. Bxd4 dxc4 11. bxc4 Ng4 12. Bxg7 Kxg7 13. Qb3 Qc7 14. Nc3 Be6 15. Nd5 Bxd5 16. cxd5 Rac8 17. Qa4 h5 18. Qxa7 Qe5 19. Qxb7 Qxe2 20. Rae1 Qxa2 21. Qxe7 Rc2 22. Qe4 Rd8 23. h3 Nh6 24. Qe5+ Kg8 25. Ra1 Qb2 26. Qg5 1-0


[Site "https://www.chess.com"]

[Event "Titled Tuesday Blitz June 27 Early 2023"]
[White "Mickiewicz, Piotr"]
[Black "Nozdrachev, Leonid"]
[WhiteFideId "1114891"]
[BlackFideId "24113433"]
[WhiteElo "2373"]
[BlackElo "2582"]
[Result "1-0"]
[Round "3"]
[TimeControl "180+2"]
[Date "2023.06.27"]
[WhiteClock "0:01:24"]
[BlackClock "0:00:00"]
[Board "151"]

1. e4 c5 2. Nf3 Nc6 3. c3 e6 4. d4 d5 5. e5 Bd7 6. Be2 f6 7. Bf4 Qb6 8. b3 cxd4 9. cxd4 Bb4+ 10. Kf1 Nge7 11. exf6 gxf6 12. a3 Ng6 13. Bg3 Be7 14. h4 Rg8 15. h5 Nh8 16. Nc3 Nf7 17. b4 Bd6 18. Bxd6 Nxd6 19. Na4 Qd8 20. Nc5 b6 21. Nxd7 Qxd7 22. Rc1 a6 23. Bd3 b5 24. Qc2 Nc4 25. Bxh7 Rg4 26. Bg6+ Ke7 27. Qd3 Rh8 28. Re1 Qd6 29. Bf5 Re4 30. Bxe4 dxe4 31. Qxe4 Kd7 32. h6 Ne7 33. Qb7+ Kd8 34. Rh5 Qc6 35. Qb8+ Nc8 36. d5 exd5 37. Nd4 1-0


[Site "https://www.chess.com"]

[Event "Titled Tuesday Blitz June 27 Early 2023"]
[White "Mendez Fortes, Eduardo Jesus"]
[Black "Llanos, Guillermo"]
[WhiteFideId "3502376"]
[BlackFideId "100358"]
[WhiteElo "2578"]
[BlackElo "2370"]
[Result "0-1"]
[Round "3"]
[TimeControl "180+2"]
[Date "2023.06.27"]
[WhiteClock "0:00:07"]
[BlackClock "0:00:16"]
[Board "152"]

1. e4 Nf6 2. e5 Nd5 3. d4 d6 4. Nf3 Bg4 5. Be2 e6 6. c4 Nb6 7. exd6 cxd6 8. h3 Bh5 9. Nc3 Be7 10. g4 Bg6 11. h4 h6 12. Bf4 Nc6 13. a4 Nb4 14. Rc1 d5 15. c5 Nc4 16. Nb5 O-O 17. b3 Nb2 18. Qd2 N2d3+ 19. Kf1 Nxc1 20. Qxc1 a6 21. Nc3 Nd3 22. Qd2 Nxf4 23. Qxf4 b6 24. b4 a5 25. bxa5 Rxa5 26. c6 Bd6 27. Qe3 Qc7 28. Bb5 Bf4 29. Qe2 Qd6 30. Kg2 Rc8 31. h5 Bh7 32. Rh3 Rxc6 33. Bxc6 Qxc6 34. Ne5 Qc7 35. Nb5 Qd8 36. Rc3 Ra8 37. Qd1 Be4+ 38. f3 Qh4 39. fxe4 Qh2+ 40. Kf1 Qh1+ 41. Ke2 Qxe4+ 42. Kf2 Bg5 43. Nf3 Qxg4 44. Qc2 Bh4+ 45. Nxh4 Qxh4+ 46. Ke2 Qxh5+ 47. Kd2 Qh2+ 48. Kc1 Qxc2+ 49. Rxc2 Rxa4 50. Rc8+ Kh7 51. Rb8 g5 52. Rxb6 Kg6 53. Kd2 h5 54. Ke3 Rb4 55. Kd3 h4 56. Kc3 Rc4+ 57. Kd3 h3 58. Nd6 Rc1 59. Rb2 g4 60. Rh2 f5 61. Ke3 Rf1 62. Nb5 Rf3+ 63. Ke2 Rf4 64. Nc7 Rxd4 65. Kf2 Re4 66. Kg3 Kg5 67. Ra2 f4+ 68. Kh2 Kh4 69. Ne8 g3+ 0-1


[Site "https://www.chess.com"]

[Event "Titled Tuesday Blitz June 27 Early 2023"]
[White "Zavgorodniy, Sergiy"]
[Black "Nithyalakshmi, Sivanesan"]
[WhiteFideId "14110148"]
[BlackFideId "5706955"]
[WhiteElo "2578"]
[BlackElo "2358"]
[Result "1-0"]
[Round "3"]
[TimeControl "180+2"]
[Date "2023.06.27"]
[WhiteClock "0:01:57"]
[BlackClock "0:00:18"]
[Board "153"]

1. d4 Nf6 2. c4 g6 3. Nc3 d5 4. cxd5 Nxd5 5. e4 Nxc3 6. bxc3 Bg7 7. Nf3 c5 8. Be3 Nc6 9. Qd2 Bg4 10. d5 Bxf3 11. gxf3 Ne5 12. Be2 b6 13. f4 Nd7 14. e5 O-O 15. c4 e6 16. Rd1 exd5 17. cxd5 Qe7 18. O-O g5 19. fxg5 Nxe5 20. f4 Nd7 21. Rfe1 Rfe8 22. Bf2 Qd6 23. Bb5 f6 24. Re6 Qc7 25. d6 Qb7 26. Re7 Rad8 27. Bxd7 Rxd7 28. Rxe8+ Kf7 29. Re7+ Rxe7 30. dxe7 Qxe7 31. Qd7 fxg5 32. Qxe7+ Kxe7 33. fxg5 Ke6 34. h4 Be5 35. h5 Kf5 36. Rd5 Ke4 37. Rd7 Bf4 38. g6 hxg6 39. hxg6 1-0


[Site "https://www.chess.com"]

[Event "Titled Tuesday Blitz June 27 Early 2023"]
[White "Sovetbekova, Nurai"]
[Black "Iskusnyh, Sergei"]
[WhiteFideId "13801910"]
[BlackFideId "4120027"]
[WhiteElo "2358"]
[BlackElo "2576"]
[Result "0-1"]
[Round "3"]
[TimeControl "180+2"]
[Date "2023.06.27"]
[WhiteClock "0:00:04"]
[BlackClock "0:00:15"]
[Board "154"]

1. d4 Nf6 2. c4 c5 3. d5 e6 4. Nc3 exd5 5. cxd5 d6 6. e4 g6 7. h3 Bg7 8. Nf3 O-O 9. Be3 Re8 10. Nd2 a6 11. a4 Nbd7 12. Be2 Qe7 13. O-O Rb8 14. Qc2 Nh5 15. Bxh5 gxh5 16. a5 b5 17. axb6 Rxb6 18. Bf4 Rb4 19. Rfe1 Ne5 20. Ra4 Rxb2 21. Qxb2 Nd3 22. Qb1 Nxf4 23. Ne2 Nxg2 24. Kxg2 Qg5+ 25. Ng3 Qxd2 26. Nxh5 Qg5+ 27. Ng3 h5 28. Kh2 h4 29. Ne2 Kh8 30. Rg1 Qh5 31. Qd1 Qf3 32. Rg2 Be5+ 33. Kg1 Bxh3 34. Nc3 Qxg2# 0-1


[Site "https://www.chess.com"]

[Event "Titled Tuesday Blitz June 27 Early 2023"]
[White "Gutkin, Ilya"]
[Black "Gontcharov, Vladislav"]
[WhiteFideId "16203470"]
[BlackFideId "4123492"]
[WhiteElo "2355"]
[BlackElo "2572"]
[Result "0-1"]
[Round "3"]
[TimeControl "180+2"]
[Date "2023.06.27"]
[WhiteClock "0:00:00"]
[BlackClock "0:00:02"]
[Board "155"]

1. e4 e6 2. Nf3 d5 3. Nc3 Nf6 4. e5 Nfd7 5. d4 c5 6. Be3 cxd4 7. Bxd4 Nc6 8. Bb5 Nxd4 9. Qxd4 a6 10. Bxd7+ Bxd7 11. O-O Rc8 12. Rad1 Rc4 13. Qd3 Qc8 14. Nd2 Rc7 15. Qg3 g6 16. Nb3 Be7 17. f4 O-O 18. f5 Bb4 19. f6 Rxc3 20. bxc3 Qxc3 21. Rd3 Qxc2 22. Qh4 Rc8 23. Rh3 h5 24. Qxb4 Qe2 25. Qf4 Bb5 26. Rc1 Rxc1+ 27. Qxc1 Qxe5 28. Rc3 Kh7 29. Rc8 Qxf6 30. Qe1 d4 31. h3 e5 32. Qf2 Qe6 33. Rc7 Kg7 34. Nc5 Qd5 35. Rd7 Qxa2 36. Re7 Qd5 0-1


[Site "https://www.chess.com"]

[Event "Titled Tuesday Blitz June 27 Early 2023"]
[White "Guerra Tulcan, Lenin"]
[Black "Ankerst, Mihael"]
[WhiteFideId "3601382"]
[BlackFideId "14602369"]
[WhiteElo "2571"]
[BlackElo "2353"]
[Result "1-0"]
[Round "3"]
[TimeControl "180+2"]
[Date "2023.06.27"]
[WhiteClock "0:01:06"]
[BlackClock "0:00:00"]
[Board "156"]

1. e4 c5 2. Nf3 Qb6 3. Nc3 Nc6 4. Bc4 e6 5. O-O a6 6. a4 d6 7. b3 Be7 8. Bb2 Nf6 9. Re1 O-O 10. e5 dxe5 11. Nxe5 Nxe5 12. Rxe5 Bd7 13. Ne4 Bc6 14. a5 Qc7 15. Nxc5 Bxg2 16. Kxg2 Bxc5 17. Rg5 Qf4 18. Rxc5 Ne4 19. Bd4 Nxc5 20. Be3 Qe4+ 21. Qf3 Qxf3+ 22. Kxf3 Nd7 23. Rg1 Ne5+ 24. Ke4 Nxc4 25. bxc4 f6 26. Bb6 Rac8 27. c5 Rf7 28. d4 Rd7 29. c4 Re8 30. f4 f5+ 31. Ke5 Kf7 32. h4 g6 33. h5 gxh5 34. Rg5 Rh8 35. d5 exd5 36. Rxf5+ Kg6 37. Rg5+ Kh6 38. cxd5 Re8+ 39. Kf6 Rf8+ 40. Ke6 Rxf4 41. Re5 Rdf7 42. Bd8 Rd4 43. Kxf7 1-0


[Site "https://www.chess.com"]

[Event "Titled Tuesday Blitz June 27 Early 2023"]
[White "K2JW"]
[Black "Alvarado Diaz, Alejandro"]
[BlackFideId "2276119"]
[WhiteElo "2348"]
[BlackElo "2570"]
[Result "1-0"]
[Round "3"]
[TimeControl "180+2"]
[Date "2023.06.27"]
[WhiteClock "0:00:18"]
[BlackClock "0:00:00"]
[Board "157"]

1. e4 c5 2. Ne2 d5 3. exd5 Qxd5 4. d4 cxd4 5. Nbc3 Qa5 6. Nxd4 Nf6 7. Bf4 a6 8. Bd3 g6 9. O-O Bg7 10. Nb3 Qd8 11. Qe2 O-O 12. Rad1 Qe8 13. Rfe1 Nc6 14. Na4 Bg4 15. f3 Be6 16. Nbc5 Bc8 17. Nb6 Ra7 18. Qf2 Qd8 19. Nb3 Be6 20. Bxg6 Qe8 21. Rxe6 hxg6 22. Re2 e5 23. Be3 Ra8 24. Bc5 Rb8 25. Bxf8 Qxf8 26. Nd7 Nxd7 27. Rxd7 Nd4 28. Nxd4 exd4 29. Ree7 Rd8 30. Rxf7 Qxf7 31. Rxf7 Kxf7 32. Qg3 Rd7 33. Qg4 Re7 34. Qf4+ Kg8 35. Kf2 Rf7 36. Qd6 Bf8 37. Qxg6+ 1-0


[Site "https://www.chess.com"]

[Event "Titled Tuesday Blitz June 27 Early 2023"]
[White "Osinovsky, Stepan"]
[Black "Aloma Vidal, Robert"]
[WhiteFideId "4157354"]
[BlackFideId "2260409"]
[WhiteElo "2321"]
[BlackElo "2569"]
[Result "0-1"]
[Round "3"]
[TimeControl "180+2"]
[Date "2023.06.27"]
[WhiteClock "0:00:00"]
[BlackClock "0:00:12"]
[Board "158"]

1. e4 e5 2. Nf3 Nf6 3. Nc3 Nc6 4. Bb5 Nd4 5. Bc4 Bc5 6. d3 d6 7. h3 h6 8. a3 c6 9. O-O b5 10. Ba2 a5 11. Nxd4 Bxd4 12. Ne2 Bb6 13. Kh2 Be6 14. Bxe6 fxe6 15. f4 exf4 16. Nxf4 e5 17. Ng6 Rg8 18. Bd2 Qd7 19. a4 b4 20. Qf3 O-O-O 21. Bxh6 Nxe4 22. dxe4 gxh6 23. Nh4 d5 24. Rad1 Qe7 25. Nf5 Qc5 26. exd5 cxd5 27. Rfe1 Rge8 28. c3 e4 29. Qe2 Bc7+ 30. Kh1 Kb7 0-1


[Site "https://www.chess.com"]

[Event "Titled Tuesday Blitz June 27 Early 2023"]
[White "Biriukov, Ilja"]
[Black "WindWhistler11"]
[WhiteFideId "4113373"]
[WhiteElo "2318"]
[BlackElo "2569"]
[Result "0-1"]
[Round "3"]
[TimeControl "180+2"]
[Date "2023.06.27"]
[WhiteClock "0:00:20"]
[BlackClock "0:01:09"]
[Board "159"]

1. c4 f5 2. Nc3 Nf6 3. g3 g6 4. Bg2 Bg7 5. e3 O-O 6. Nge2 d6 7. d4 c6 8. O-O Na6 9. b3 Qe8 10. Bb2 e5 11. dxe5 dxe5 12. Ba3 Rf7 13. Qc2 h5 14. Rad1 h4 15. Rd2 Be6 16. Rfd1 Rc8 17. Bd6 Ng4 18. h3 Nh6 19. a3 hxg3 20. fxg3 g5 21. Kh2 Rd7 22. Ng1 Qh5 23. Bf3 g4 24. Bg2 gxh3 25. Nxh3 Ng4+ 26. Kg1 Nxe3 27. Qd3 Nxd1 28. Nxd1 Rcd8 29. c5 Nxc5 30. Qc3 Rxd6 31. Rxd6 Rxd6 32. Ne3 Nd3 0-1


[Site "https://www.chess.com"]

[Event "Titled Tuesday Blitz June 27 Early 2023"]
[White "Sargsyan, Anna M."]
[Black "Spichkin, Alexander"]
[WhiteFideId "13308130"]
[BlackFideId "4144074"]
[WhiteElo "2569"]
[BlackElo "2317"]
[Result "0-1"]
[Round "3"]
[TimeControl "180+2"]
[Date "2023.06.27"]
[WhiteClock "0:00:35"]
[BlackClock "0:02:06"]
[Board "160"]

1. d4 e6 2. c4 f5 3. g3 Nf6 4. Bg2 Be7 5. d5 O-O 6. Nc3 e5 7. Bg5 d6 8. Bxf6 Bxf6 9. e4 a5 10. Qc2 Na6 11. exf5 Nb4 12. Qb1 e4 13. Bxe4 Re8 14. Nge2 Bxc3+ 15. bxc3 Qe7 16. cxb4 Qxe4 17. Qxe4 Rxe4 18. Kd2 axb4 19. Rhc1 Bxf5 20. f3 Ree8 21. Nd4 Bd7 22. Nc2 Ra4 23. Rcb1 b5 24. cxb5 Bxb5 25. Rxb4 Re2+ 26. Kc3 Rxc2+ 0-1


[Site "https://www.chess.com"]

[Event "Titled Tuesday Blitz June 27 Early 2023"]
[White "profedechess93"]
[Black "rikchessmx"]
[WhiteElo "2569"]
[BlackElo "2306"]
[Result "1-0"]
[Round "3"]
[TimeControl "180+2"]
[Date "2023.06.27"]
[WhiteClock "0:00:53"]
[BlackClock "0:00:16"]
[Board "161"]

1. e4 c5 2. Nf3 e6 3. d4 cxd4 4. Nxd4 a6 5. Nc3 Qc7 6. Be2 b5 7. Bf3 Bb7 8. O-O d6 9. Re1 Nd7 10. a4 b4 11. Na2 a5 12. Nb5 Qb6 13. Be3 Nc5 14. c3 bxc3 15. bxc3 Nf6 16. Rb1 Rb8 17. Bxc5 Qxc5 18. e5 Nd5 19. exd6 Qc4 20. Bxd5 Bxd5 21. Nc7+ Kd7 22. Rxb8 Qxa2 23. Nxd5 Qxd5 24. Qxd5 exd5 25. Ree8 1-0


[Site "https://www.chess.com"]

[Event "Titled Tuesday Blitz June 27 Early 2023"]
[White "Sreyas Payyappat"]
[Black "Antonio, Jorge Carlos"]
[WhiteFideId "46674969"]
[BlackFideId "113190"]
[WhiteElo "2568"]
[BlackElo "2291"]
[Result "1-0"]
[Round "3"]
[TimeControl "180+2"]
[Date "2023.06.27"]
[WhiteClock "0:00:05"]
[BlackClock "0:00:00"]
[Board "162"]

1. e4 c5 2. Nf3 e6 3. d4 cxd4 4. Nxd4 a6 5. Nc3 Nc6 6. Be3 Qc7 7. Bd3 Nf6 8. O-O Bb4 9. f4 O-O 10. e5 Bxc3 11. bxc3 Nd5 12. Rf3 Nxc3 13. Bxh7+ Kxh7 14. Qd3+ g6 15. Qxc3 Qa5 16. Qd3 Rh8 17. Nxc6 bxc6 18. g4 Qd5 19. Qxd5 cxd5 20. f5 d4 21. Bxd4 Bb7 22. Rf2 gxf5 23. gxf5 Rhg8+ 24. Kf1 Rg4 25. c3 Rag8 26. Ke2 Rg2 27. Rf1 Rxf2+ 28. Rxf2 Rg2 29. f6 Rxf2+ 30. Kxf2 Kg6 31. Ke3 Kh5 32. Kf4 Bc6 33. Bf2 Bd5 34. a4 1-0


[Site "https://www.chess.com"]

[Event "Titled Tuesday Blitz June 27 Early 2023"]
[White "Georg, Heinz"]
[Black "Janaszak, Dawid"]
[WhiteFideId "4607295"]
[BlackFideId "1119206"]
[WhiteElo "2291"]
[BlackElo "2566"]
[Result "0-1"]
[Round "3"]
[TimeControl "180+2"]
[Date "2023.06.27"]
[WhiteClock "0:00:00"]
[BlackClock "0:01:24"]
[Board "163"]

1. e4 d5 2. exd5 Qxd5 3. c4 Qa5 4. Nc3 e5 5. d4 exd4 6. Qxd4 Nc6 7. Qe3+ Be6 8. Bd3 Nf6 9. Ne2 Bc5 10. Qg3 O-O-O 11. O-O Nb4 12. Be4 Bxc4 13. Bf3 Bd6 14. Qh4 Bd3 15. Be3 Nc2 16. Rac1 Nxe3 17. fxe3 Rhe8 18. a3 Qb6 19. Rfd1 Qxe3+ 20. Kh1 g5 21. Qa4 g4 22. Bxb7+ Kxb7 23. Nb5 Bxb5 24. Qxb5+ Qb6 25. Qc4 Ne4 26. Nd4 Nf2+ 27. Kg1 Nxd1 0-1


[Site "https://www.chess.com"]

[Event "Titled Tuesday Blitz June 27 Early 2023"]
[White "Liu, Kelsey"]
[Black "Ozates, Tuna"]
[WhiteFideId "30944481"]
[BlackFideId "6354521"]
[WhiteElo "2290"]
[BlackElo "2565"]
[Result "0-1"]
[Round "3"]
[TimeControl "180+2"]
[Date "2023.06.27"]
[WhiteClock "0:01:35"]
[BlackClock "0:02:28"]
[Board "164"]

1. e4 c5 2. Nf3 Nc6 3. Bb5 g6 4. O-O Bg7 5. c3 Nf6 6. Re1 O-O 7. d4 Qb6 8. Na3 cxd4 9. cxd4 d5 10. Bxc6 bxc6 11. exd5 cxd5 12. Rxe7 Be6 13. Bf4 Qxb2 14. Qb3 Qxa1+ 15. Nb1 Ne4 0-1


[Site "https://www.chess.com"]

[Event "Titled Tuesday Blitz June 27 Early 2023"]
[White "Feinig, Mario"]
[Black "Ambartsumova, Karina"]
[WhiteFideId "1618113"]
[BlackFideId "4166299"]
[WhiteElo "2267"]
[BlackElo "2564"]
[Result "0-1"]
[Round "3"]
[TimeControl "180+2"]
[Date "2023.06.27"]
[WhiteClock "0:00:45"]
[BlackClock "0:01:17"]
[Board "165"]

1. c4 Nf6 2. Nc3 g6 3. g3 Bg7 4. Bg2 O-O 5. e4 e5 6. Nge2 Nc6 7. O-O Nd4 8. d3 d6 9. Nxd4 exd4 10. Ne2 Nd7 11. f4 a6 12. f5 Rb8 13. g4 b5 14. b3 Ne5 15. g5 f6 16. fxg6 hxg6 17. Nxd4 fxg5 18. Rxf8+ Qxf8 19. Bxg5 Ng4 20. e5 Qf2+ 21. Kh1 Qxd4 22. Bd5+ Kh7 23. Qf1 Nf2+ 0-1


[Site "https://www.chess.com"]